[Event "V Open LLucmajor"]
[Site "LLucmajor"]
[Date "2016.05.15"]
[Round "8"]
[White "Abergel, Thal"]
[Black "Levin, Felix"]
[Result "0-1"]
[ECO "C54"]
[WhiteElo "2450"]
[BlackElo "2511"]
[PlyCount "68"]
[EventDate "2016.??.??"]
[EventCountry "ESP"]
[TimeControl "5400+30"]
[WhiteClock "0:04:52"]
[BlackClock "0:13:24"]

1. e4 e5 2. Nf3 Nc6 3. Bc4 Bc5 4. c3 Nf6 5. d3 O-O 6. Bb3 d5 7. Qe2 dxe4 8. dxe4 h6 9. O-O Qe7 10. Bc2 a5 11. a4 Nh5 12. Na3 Bg4 13. Nc4 Qf6 14. Bd1 Rad8 15.
Ne3 Nf4 16. Qc4 Bxe3 17. fxe3 Nxg2 18. Ne1 Qg6 19. Bxg4 Nxe1 20. Qe2 h5 21. Rxe1 hxg4 22. Qc2 g3 23. h3 f5 24. exf5 Rxf5 25. e4 Rf2 26. Re2 Rdf8 27. Be3 R8f3 28. Rae1 Kh7 29. Qd1 Ne7 30. Qd7 Rxe2 31. Rxe2 Qxe4 32. Qd2 Qf5 33. Qe1 Ng6 34. Rg2 Rxe3 0-1

[Event "V Open LLucmajor"]
[Site "LLucmajor"]
[Date "2016.05.15"]
[Round "8"]
[White "Almagro Llamas, Pablo"]
[Black "Granda Zuniga, Julio E"]
[Result "0-1"]
[ECO "B51"]
[WhiteElo "2422"]
[BlackElo "2686"]
[PlyCount "204"]
[EventDate "2016.??.??"]
[EventCountry "ESP"]
[TimeControl "5400+30"]
[WhiteClock "0:02:25"]
[BlackClock "0:05:06"]

1. e4 c5 2. Nf3 d6 3. Bb5+ Nd7 4. d4 cxd4 5. Qxd4 e5 6. Qd3 Be7 7. Nc3 Ngf6 8. Bg5 O-O 9. Bxd7 Qxd7 10. Rd1 Rd8 11. O-O Qe6 12. Bxf6 Bxf6 13. Nd5 Rd7 14. c4 b6 15. a4 Bb7 16. Ra1 Bd8 17. Nd2 g6 18. Rae1 Rc8 19. b3 a6 20. f4 exf4 21. Nxf4 Qe8 22. Nd5 Rb8 23. Nf3 Bxd5 24. exd5 Re7 25. Rxe7 Bxe7 26. Nd4 Bg5 27. Nc2 Qd7 28. Qg3 Bh6 29. Qf2 Re8 30. Re1 Rxe1+ 31. Qxe1 a5 32. Qe4 f5 33. Qd4 Qd8 34. b4 Qg5 35. Kf2 Qc1 36. Qd3 axb4 37. Nxb4 Bf4 38. Qe2 Be5 39. Nc6 Qf4+ 40. Ke1 Qc1+ 41. Kf2 Qf4+ 42. Ke1 Bc3+ 43. Kd1 Qxh2 44. Qe6+ Kg7 45. Qe7+ Kh6 46. Qe3+ Kh5 47. Qxc3 Qxg2 48. Nd4 Kg4 49. Ne6 Qf1+ 50. Kd2 Qf2+ 51. Kd1 Qf1+ 52. Kd2 Qf2+ 53. Kc1 f4 54. Qf6 Qf1+ 55. Kd2 Qxc4 56. Ke1 Qe4+ 57. Kf1 Qf3+ 58. Kg1 Qd1+ 59. Kf2 Qc2+ 60. Kg1 Qc1+ 61. Kf2 Qd2+ 62. Kf1 Kg3 63. Qg5+ Kf3 64. Nd4+ Ke3 65. Qe7+ Kxd4 66. Qxd6 Qc1+ 67. Kg2 Qc2+ 68. Kf3 Qe4+ 69. Kf2 Qe3+ 70. Kf1 Qc1+ 71. Kg2 Qc5 72. Qxf4+ Kxd5 73. Qf7+ Kd4 74. Qxh7 g5 75. Qg7+ Kc4 76. Qb2 Kd3 77. Qb3+ Ke4 78. Qe6+ Kd4 79. Qf6+ Kd3 80. Qg6+ Kc4 81. Qb1 Qd5+ 82. Kf2 Qd2+ 83. Kg1 Qb4 84. Qc1+ Kb3 85. Qxg5 Kxa4 86. Qd8 Qc5+ 87. Kf1 b5 88. Qd1+ Ka5 89. Qa1+ Kb6 90. Qf6+ Kb7 91. Ke2 b4 92. Qf7+ Ka6 93. Kd1 Qc3 94. Qa2+ Kb5 95. Qd5+ Ka4 96. Qd7+ Ka3 97. Qa7+ Kb2 98. Qf2+ Kb1 99. Qf5+ Ka2 100. Qa5+ Kb2 101. Qf5 Qc1+ 102. Ke2 Qc2+ 0-1

[Event "V Open LLucmajor"]
[Site "LLucmajor"]
[Date "2016.05.15"]
[Round "8"]
[White "Edouard, Romain"]
[Black "Stremavicius, Titas"]
[Result "1-0"]
[ECO "A80"]
[WhiteElo "2641"]
[BlackElo "2443"]
[PlyCount "59"]
[EventDate "2016.??.??"]
[EventCountry "ESP"]
[TimeControl "5400+30"]
[WhiteClock "0:32:15"]
[BlackClock "0:29:53"]

1. d4 f5 2. Bg5 g6 3. Nc3 d5 4. h4 Bg7 5. e3 Nh6 6. Qf3 c6 7. Qg3 Nf7 8. Bf4 Be6 9. h5 Nd7 10. Nf3 Nf6 11. Ne5 gxh5 12. Be2 Rg8 13. Bxh5 Nxh5 14. Rxh5 Qb6 15. Rxh7 Qxb2 16. Nd1 Qxa1 17. Qg6 Bxe5 18. Qxg8+ Kd7 19. Qxa8 Bxf4 20. exf4 Qxd4 21. Qxb7+ Kd6 22.
Rh3 Qb6 23. Rb3 Qa5+ 24. c3 Nd8 25. Qb4+ Qxb4 26. cxb4 c5 27.
bxc5+ Kxc5 28. Nb2 Nc6 29. Nd3+ Kd4 30. Ra3 1-0

[Event "V Open LLucmajor"]
[Site "LLucmajor"]
[Date "2016.05.15"]
[Round "8"]
[White "Fedorchuk, Sergey A"]
[Black "Minzer, Claudio Javier"]
[Result "1-0"]
[ECO "B35"]
[WhiteElo "2626"]
[BlackElo "2432"]
[PlyCount "93"]
[EventDate "2016.??.??"]
[EventCountry "ESP"]
[TimeControl "5400+30"]
[WhiteClock "0:02:32"]
[BlackClock "0:03:52"]

1. e4 c5 2. Nf3 g6 3. d4 cxd4 4. Nxd4 Nc6 5. Nc3 Bg7 6. Be3 Nf6 7. Bc4 O-O 8. Bb3 a5 9. O-O Nxd4 10. Bxd4 d6 11. Re1 Bd7 12. a4 Bc6 13.
Qd3 Nd7 14. Bxg7 Kxg7 15. Qd4+ Kg8 16. Re3 Nc5 17. Bc4 b6 18. b3 Ra7 19. Rd1 Rd7 20. Bd5 Bxd5 21. exd5 e5 22. dxe6 fxe6 23. Nb5 d5 24. Re5 Rf5 25. Rxf5 gxf5 26. Qe5 Kf7 27. Nd4 Qf8 28. Re1 Qh6 29. h3 Qf6 30. Nc6 Kg7 31. Qg3+ Kh6 32. Ne5 Rg7 33. Qf3 Ne4 34. Qf4+ Qg5 35. Nd3 Rg6 36. f3 Nc5 37. h4 Qxf4 38. Nxf4 Rf6 39. Kf2 d4 40. Kf1 Rf7 41. Nxe6 Rd7 42. Nxc5 bxc5 43. Re5 f4 44. Rxc5 d3 45. cxd3 Rxd3 46. Rc4 Rxb3 47. Rxf4 1-0

[Event "V Open LLucmajor"]
[Site "LLucmajor"]
[Date "2016.05.15"]
[Round "8"]
[White "Gallardo Pina, Neus"]
[Black "Kryvoruchko, Vita"]
[Result "0-1"]
[ECO "A46"]
[WhiteElo "1894"]
[BlackElo "2166"]
[PlyCount "78"]
[EventDate "2016.??.??"]
[EventCountry "ESP"]
[TimeControl "5400+30"]

1. d4 Nf6 2. Nf3 e6 3. Bg5 d5 4. e3 Be7 5. Bd3 c5 6. c3 Nc6 7. Nbd2 h6 8. Bh4
Nd7 9. Bg3 O-O 10. O-O f5 11. h3 b6 12. Rc1 a5 13. Qe2 Bb7 14. Rfd1 Qc8 15. Nh4
Bxh4 16. Bxh4 e5 17. Qh5 e4 18. Bb5 Nf6 19. Bxf6 Rxf6 20. dxc5 bxc5 21. Nf1 Ne5
22. Ng3 c4 23. b3 Nd3 24. Rc2 f4 25. exf4 Rxf4 26. bxc4 dxc4 27. Rb1 Rb8 28.
Re2 Rf7 29. Qh4 Qc5 30. Nh5 Rbf8 31. Qg3 Qxh5 32. Bxc4 Qxe2 33. Rxb7 Qe1+ 34.
Kh2 Qxf2 35. Qg6 Qf4+ 36. Kg1 Ne5 37. Bxf7+ Nxf7 38. Qc6 e3 39. c4 Qf2+ 0-1

[Event "V Open LLucmajor"]
[Site "LLucmajor"]
[Date "2016.05.15"]
[Round "8"]
[White "Movsziszian, Karen"]
[Black "Trent, Lawrence"]
[Result "1-0"]
[ECO "C26"]
[WhiteElo "2468"]
[BlackElo "2450"]
[PlyCount "111"]
[EventDate "2016.??.??"]
[EventCountry "ESP"]
[TimeControl "5400+30"]
[WhiteClock "0:10:48"]
[BlackClock "0:02:08"]

1. e4 e5 2. Nc3 Nf6 3. g3 Bc5 4. Bg2 a6 5. d3 d6 6. h3 h6 7. Nge2 Nc6 8. O-O Bd7 9. Kh2 Ba7 10. Rb1 Rb8 11. f4 h5 12. Bf3 Ng4+ 13. Kg2 Ne3+ 14. Bxe3 Bxe3 15. Nd5 Ba7 16. f5 h4 17. g4 Nd4 18. Nxd4 exd4 19. f6 g6 20. Qd2 c6 21. Ne7 Qb6 22. e5 Be6 23. Rbe1 Qc5 24. Rf2 Bb6 25. Qf4 Kd7 26. g5 dxe5 27. Qxe5 Qxe5 28. Rxe5 Kd6 29. Re4 Bxa2 30. b3 a5 31. Re1 a4 32. Ra1 a3 33. Rxa2 Bc5 34. Re2 Rbd8 35. Re4 Kc7 36. Be2 Kb6 37. Kf3 Rd6 38. Kg4 Kc7 39. Bf3 Rd7 40. Re1 Rdd8 41.
Re4 Rd7 42. Re1 Rdd8 43. Be4 Bb4 44. Rf1 Ra8 45. Bxg6 fxg6 46. Nxg6 Rhg8 47. Nxh4 Rge8
48. g6 Re2 49. g7 Rg8 50. Kh5 Kd7 51. Kg6 Re6 52. Kh7 Ree8 53. f7 Rxg7+ 54. Kxg7 Bf8+ 55. Kh7 Re3 56. Kg8 1-0

[Event "V Open LLucmajor"]
[Site "LLucmajor"]
[Date "2016.05.15"]
[Round "8"]
[White "Narciso Dublan, Marc"]
[Black "Bracker, Frank"]
[Result "0-1"]
[ECO "D61"]
[WhiteElo "2540"]
[BlackElo "2407"]
[PlyCount "104"]
[EventDate "2016.??.??"]
[EventCountry "ESP"]
[TimeControl "5400+30"]
[WhiteClock "0:00:43"]
[BlackClock "0:00:39"]

1. d4 Nf6 2. c4 e6 3. Nc3 d5 4. Bg5 Nbd7 5. e3 Be7 6. Nf3 O-O 7. Qc2 h6 8. cxd5 exd5 9. Bf4 c6 10. h3 Re8 11. Bd3 Nf8 12. O-O-O Bb4 13. Nd2 Bxc3 14. Qxc3 Ne4 15. Nxe4 dxe4 16. Bc2 Be6 17. g4 a5 18. Bb3 a4 19. Bxe6 Nxe6 20. Bg3 Qd5 21. Kb1 Rec8 22. Rd2 b6 23.
Rc1 b5 24. Qb4 Rd8 25. Rdc2 Ra6 26. Qe7 c5 27. dxc5 b4 28. c6 b3 29. Rc3 bxa2+ 30. Ka1 a3 31. Qb4 axb2+ 32. Qxb2 Ra5 33. c7 Rc8 34. Rb3 Raa8 35. Rb5 Qd7 36. Rb8 Nxc7 37. Rxc8+ Rxc8 38. Bxc7 Kh7 39. Be5 f6 40. Rxc8 Qxc8 41. Bd4 Qc4 42. h4 Kg6 43. Qd2 h5 44. Qd1 Qd5 45. gxh5+ Qxh5 46. Qg1+ Kh7 47. Qh1 f5 48. Qg1 g6 49. Bf6 Qe2 50. Bb2 Qc2 51. Qe1 Kh6 52. Qc3 Qb1# 0-1

[Event "V Open LLucmajor"]
[Site "LLucmajor"]
[Date "2016.05.15"]
[Round "8"]
[White "Rakhmanov, Aleksandr"]
[Black "Paunovic, Dragan"]
[Result "1-0"]
[ECO "A10"]
[WhiteElo "2654"]
[BlackElo "2439"]
[PlyCount "107"]
[EventDate "2016.??.??"]
[EventCountry "ESP"]
[TimeControl "5400+30"]
[WhiteClock "0:01:12"]
[BlackClock "0:06:44"]

1. c4 g6 2. Nc3 Bg7 3. g3 Nf6 4. Bg2 O-O 5. d3 c6 6. e4 e5 7. Nge2 d6 8. O-O a6 9. a4 a5 10. h3 Na6 11. Be3 Nc5 12. f4 Nfd7 13.
f5 Qb6 14. Rb1 Qb3 15. Qd2 Ra6 16. g4 Nxa4 17. Nc1 Qb4 18. N1a2 Qb3 19. Nc1 Qb4 20. N1a2 Qb3 21. Nxa4 Qxa4 22. Ra1 Qb3 23. Bf3 Nc5 24. Bxc5 dxc5 25. Bd1 Qb6 26. f6 Bh8 27. Kg2 h6 28.
h4 Qd8 29. g5 Qd7 30. Qe3 Rd8 31. Nc1 b6 32. Ra3 Qe6 33. Nb3 a4 34. Nd2 b5 35. Qg3 Qd6 36. Nf3 Re8 37. Be2 h5 38. b3 axb3 39. Rxa6 Bxa6 40. Rb1 b4 41. Nd2 Ra8 42. Nxb3 Bc8 43. Rb2 Bg4 44. Qf2 Bxe2 45. Qxe2 Bxf6 46. gxf6 Qxf6 47. Qf2 Qe6 48. Nxc5 Qg4+ 49. Kh2 Ra1 50. Rxb4 f5 51. Rb8+ Kh7 52. Nd7 Qd1 53. Qg2 Qc1 54. Nf8+ 1-0

[Event "V Open LLucmajor"]
[Site "LLucmajor"]
[Date "2016.05.15"]
[Round "8"]
[White "Rasmussen, Allan Stig"]
[Black "Manik, Mikulas"]
[Result "1-0"]
[ECO "E94"]
[WhiteElo "2495"]
[BlackElo "2428"]
[PlyCount "126"]
[EventDate "2016.??.??"]
[EventCountry "ESP"]
[TimeControl "5400+30"]
[WhiteClock "0:01:40"]
[BlackClock "0:10:31"]

1. d4 Nf6 2. c4 g6 3. Nc3 Bg7 4. e4 d6 5. Nf3 O-O 6. Be2 e5 7. O-O exd4 8.
Nxd4 Re8 9. f3 c6 10. Kh1 Nbd7 11. Bf4 Nh5 12. Bxd6 Qf6 13. Nb3 Nf4 14. c5 b6 15. Rf2 bxc5 16. Bf1 Ne5 17. Bxc5 Rd8 18. Rd2 Be6 19. Be3 Rxd2 20. Qxd2 Rd8 21. Qc2 Nc4 22. Bxa7 g5 23. Bxc4 Bxc4 24. Rd1 Nd3 25. Nc1 Ra8 26. Nxd3 Rxa7 27. Na4 Bb5 28. b3 h5 29. Nac5 Ra3 30. e5 Qe7 31. Re1 Qa7 32. Nc1 Qa5 33. Re4 Qa7 34. e6 Qe7 35. exf7+ Qxf7 36. Ne6 Bf6 37. Qc5 Ra8 38. a4 Ba6 39. Qe3 Qg6 40. Nd3 Rb8 41. Ndc5 Bc8 42. h3 Qf5 43. Qd3 Qd5 44. Qc2 Bxe6 45. Rxe6 Bg7 46. Re4 Kh8 47. b4 Bf6 48. a5 Ra8 49. Re6 Qd4 50. Qe2 Qxb4 51. Re8+ Rxe8 52. Qxe8+ Kg7 53. Ne6+ Kh6 54. Qf8+ Qxf8 55. Nxf8 Bd4 56. Ne6 Ba7 57. Nd8 c5 58. Kg1 c4+ 59. Kf1 Kg6 60. Nc6 c3 61. Ke2 Bc5 62. g4 hxg4 63. hxg4 Kh6 1-0

[Event "V Open LLucmajor"]
[Site "LLucmajor"]
[Date "2016.05.15"]
[Round "8"]
[White "Winants, Luc"]
[Black "Souleidis, Georgios"]
[Result "1-0"]
[ECO "B31"]
[WhiteElo "2562"]
[BlackElo "2425"]
[PlyCount "91"]
[EventDate "2016.??.??"]
[EventCountry "ESP"]
[TimeControl "5400+30"]
[WhiteClock "0:06:53"]
[BlackClock "0:08:03"]

1. e4 c5 2. Nf3 Nc6 3. Bb5 g6 4. O-O Bg7 5. Re1 Nf6 6. Nc3 O-O 7. e5 Ng4 8. Bxc6 dxc6 9. d3 Nh6 10. h3 b6 11. Bf4 Nf5 12. Ne4 Nd4 13.
Nxd4 cxd4 14. Qd2 Qd5 15. Ng3 c5 16. b3 Bb7 17. f3 Rac8 18.
Re2 b5 19. Rae1 c4 20. Bh6 cxd3 21. cxd3 Rc2 22. Qf4 Bxh6 23. Qxh6 Rfc8 24. h4 Rxe2 25. Rxe2 Qc5 26. Kf2 Qc3 27. Qg5 Qxd3 28. Qxe7 Rc2 29. Rxc2 Qxc2+ 30. Kg1 d3 31. e6 fxe6 32. Qxe6+ Kf8 33. Qd6+ Kf7 34. Qd7+ Kg8 35. Qe8+ Kg7 36. Qe7+ Kg8 37. Nf1 Bc6 38. Ne3 Qc1+ 39. Kh2 Qe1 40. Qe6+ Kf8 41. Qf6+ Kg8 42. Ng4 h5 43. Qxg6+ Kf8 44. Qf6+ Kg8 45. Nh6+ Kh7 46. Nf5 1-0

[Event "V Open LLucmajor"]
[Site "LLucmajor"]
[Date "2016.05.14"]
[Round "7"]
[White "Demuth, Adrien"]
[Black "Brull Mayol, Cosme"]
[Result "1-0"]
[ECO "E10"]
[WhiteElo "2541"]
[BlackElo "2217"]
[PlyCount "57"]
[EventDate "2016.??.??"]
[EventCountry "ESP"]
[TimeControl "5400+30"]

1. c4 e6 2. d4 Nf6 3. Nf3 d5 4. e3 c5 5. cxd5 exd5 6. Bb5+ Bd7 7. Bxd7+ Nbxd7
8. dxc5 Nxc5 9. O-O Be7 10. b3 O-O 11. Bb2 Rc8 12. Nc3 Nce4 13. Ne2 Qa5 14. a3
Rfd8 15. Nfd4 Qa6 16. f3 Nd6 17. Nf4 Bf8 18. Qd3 Qb6 19. Rf2 a6 20. g4 Nb5 21.
Nxb5 Qxb5 22. Rd1 d4 23. Qxb5 axb5 24. Rfd2 Re8 25. e4 Nd7 26. Bxd4 Nc5 27. b4
Nb3 28. Rd3 Bd6 29. Be3 1-0

[Event "V Open LLucmajor"]
[Site "LLucmajor"]
[Date "2016.05.14"]
[Round "7"]
[White "Galego, Luis"]
[Black "Rakhmanov, Aleksandr"]
[Result "1/2-1/2"]
[ECO "A46"]
[WhiteElo "2448"]
[BlackElo "2654"]
[PlyCount "78"]
[EventDate "2016.??.??"]
[EventCountry "ESP"]
[TimeControl "5400+30"]
[WhiteClock "0:05:17"]
[BlackClock "0:00:38"]

1. d4 Nf6 2. Nf3 c5 3. e3 g6 4. Be2 Bg7 5. O-O b6 6. c4 O-O 7. Nc3 cxd4 8. exd4 d5 9. Ne5 Bb7 10. Bf3 a6 11. Re1 Ra7 12. cxd5 Nxd5 13. Qb3 Nxc3 14. bxc3 Bxf3 15. Nxf3 Nc6 16. a4 Na5 17. Qb4 Rb7 18. Bg5 f6 19. Bd2 Qd5 20. Re2 Rc8 21. Rae1 Bf8 22. h4 Nc4 23. Qb3 Rc6 24. Bf4 Rd7 25. Rb1 Kg7 26. Nd2 Na5 27. Qxd5 Rxd5 28. Be3 Kf7 29. Ree1 Rdd6 30. Rec1 Nc4 31. Nxc4 Rxc4 32. Rb4 Rdc6 33. Rxc4 Rxc4 34. Rb1 Rxa4 35. Rxb6 a5 36. Ra6 e5 37. dxe5 fxe5 38. c4 Rxc4 39. Rxa5 Rxh4 1/2-1/2

[Event "V Open LLucmajor"]
[Site "LLucmajor"]
[Date "2016.05.14"]
[Round "7"]
[White "Granda Zuniga, Julio E"]
[Black "Edouard, Romain"]
[Result "1-0"]
[ECO "A09"]
[WhiteElo "2686"]
[BlackElo "2641"]
[PlyCount "57"]
[EventDate "2016.??.??"]
[EventCountry "ESP"]
[TimeControl "5400+30"]
[WhiteClock "0:03:01"]
[BlackClock "0:34:42"]

1. Nf3 d5 2. c4 d4 3. b4 f6 4. Na3 e5 5. Nc2 a5 6. b5 Nd7 7. d3 Nc5 8. e3 dxe3 9. Bxe3 Bd6 10. Nd2 Ne7 11. Ne4 b6 12. Qh5+ Kf8 13. Be2 Bf5 14. Bxc5 Bxc5 15. Nxc5 bxc5 16. O-O Qd6 17. f4 exf4 18. Qf3 Kf7 19. Qxf4 Qxf4 20. Rxf4 Rhd8 21. Rd1 Rd6 22. Ne3 Be6 23. d4 cxd4 24. Rfxd4 Rad8 25. Rxd6 Rxd6 26. Kf2 f5 27. Rxd6 cxd6 28. Nc2 f4 29. Nd4 1-0

[Event "V Open LLucmajor"]
[Site "LLucmajor"]
[Date "2016.05.14"]
[Round "7"]
[White "Kobo, Ori"]
[Black "Almagro Llamas, Pablo"]
[Result "0-1"]
[ECO "A10"]
[WhiteElo "2491"]
[BlackElo "2422"]
[PlyCount "76"]
[EventDate "2016.??.??"]
[EventCountry "ESP"]
[TimeControl "5400+30"]
[WhiteClock "0:00:47"]
[BlackClock "0:01:24"]

1. c4 b6 2. Nc3 Bb7 3. e4 e6 4. Nge2 Nf6 5. Ng3 h5 6. h4 c5 7. d3 Nc6 8. Bg5 Be7 9. Qd2 a6 10. f4 d6 11. f5 Qd7 12. Be2 O-O-O 13.
O-O-O Nd4 14. Rdf1 d5 15. cxd5 exd5 16. e5 Nxe2+ 17. Qxe2 d4 18. exf6 gxf6 19. Nce4 fxg5 20. f6 Bd6 21.
Nxd6+ Qxd6 22. Nf5 Qc7 23. hxg5 c4 24. Kb1 Kb8 25. dxc4 d3 26.
Qd2 Qxc4 27. Rh4 Qe6 28. Nd4 Qd5 29. Nf3 Rhe8 30. Rd4 Qf5 31.
Rxd8+ Rxd8 32. b3 h4 33. Rh1 Re8 34. Nxh4 Qg4 35. Re1 Rxe1+ 36. Qxe1 Qe2 37. Qg3+ Ka7 38. Nf3 Qc2+ 0-1

[Event "V Open LLucmajor"]
[Site "LLucmajor"]
[Date "2016.05.14"]
[Round "7"]
[White "Kohlweyer, Bernd"]
[Black "Pap, Misa"]
[Result "1/2-1/2"]
[ECO "A57"]
[WhiteElo "2373"]
[BlackElo "2484"]
[PlyCount "71"]
[EventDate "2016.??.??"]
[EventCountry "ESP"]
[TimeControl "5400+30"]
[WhiteClock "0:17:23"]
[BlackClock "0:14:04"]

1. d4 Nf6 2. c4 c5 3. d5 b5 4. Nf3 b4 5. a3 g6 6. Nbd2 Bg7 7. e4 d6 8. Bd3 O-O 9. O-O bxa3 10. Rxa3 Nfd7 11. Nb1 Na6 12. Nc3 Nb4 13. h3 a5 14. Re1 Ba6 15. Na4 e6 16. Bf1 Ne5 17. Nxe5 Bxe5 18. Be3 exd5 19. cxd5 Bxf1 20. Rxf1 f5 21. f4 Bg7 22. e5 dxe5 23. fxe5 Qxd5 24. Bxc5 Rfe8 25. Qxd5+ Nxd5 26. Rd1 Nc7 27. Nb6 Ra6 28. Nc4 Bxe5 29. Nxe5 Rxe5 30. Rd8+ Re8 31. Rxe8+ Nxe8 32. Ra4 Nc7 33.
Bf2 Nd5 34. Bc5 Nc7 35. Bf2 Nd5 36. Bc5 1/2-1/2

[Event "V Open LLucmajor"]
[Site "LLucmajor"]
[Date "2016.05.14"]
[Round "7"]
[White "Levin, Felix"]
[Black "Naumkin, Igor"]
[Result "1-0"]
[ECO "E06"]
[WhiteElo "2511"]
[BlackElo "2431"]
[PlyCount "75"]
[EventDate "2016.??.??"]
[EventCountry "ESP"]
[TimeControl "5400+30"]
[WhiteClock "0:27:04"]
[BlackClock "0:42:05"]

1. d4 Nf6 2. c4 e6 3. g3 d5 4. Nf3 Be7 5. Bg2 O-O 6. O-O dxc4 7. Ne5 Nc6 8.
Bxc6 bxc6 9. Nxc6 Qe8 10. Nxe7+ Qxe7 11. Qc2 e5 12. Rd1 exd4 13. Rxd4 Be6 14. Nc3 h6 15. Be3 a6 16. Rad1 Rfd8 17. f3 Rxd4 18. Bxd4 Rd8 19. e4 c5 20. Be3 Rxd1+ 21. Qxd1 Qb7 22. Qd8+ Kh7 23. Qd2 Nd7 24. f4 f6 25. Kf2 Kg8 26. Ke1 Qc6 27. f5 Bf7 28.
Bf4 Kf8 29. Qd6+ Qxd6 30. Bxd6+ Ke8 31. Kd2 g6 32. g4 gxf5 33. gxf5 Bh5 34. Nd5 a5 35. a4 Kf7 36. Bc7 Bf3 37. Ke3 Bd1 38.
Nc3 1-0

[Event "V Open LLucmajor"]
[Site "LLucmajor"]
[Date "2016.05.14"]
[Round "7"]
[White "Manik, Mikulas"]
[Black "Narciso Dublan, Marc"]
[Result "1/2-1/2"]
[ECO "B09"]
[WhiteElo "2428"]
[BlackElo "2540"]
[PlyCount "37"]
[EventDate "2016.??.??"]
[EventCountry "ESP"]
[TimeControl "5400+30"]
[WhiteClock "0:40:21"]
[BlackClock "0:43:57"]

1. e4 d6 2. d4 Nf6 3. Nc3 g6 4. f4 Bg7 5. Nf3 O-O 6. Bd3 Nc6 7. e5 dxe5 8.
fxe5 Nh5 9. Be3 Bg4 10. Be2 f6 11. exf6 Nxf6 12. O-O Qd7 13.
h3 Bxf3 14. Bxf3 Rad8 15. Re1 Rf7 16. Bf2 e6 17. Kh1 Nxd4 18.
Bxd4 Qxd4 19. Qxd4 1/2-1/2

[Event "V Open LLucmajor"]
[Site "LLucmajor"]
[Date "2016.05.14"]
[Round "7"]
[White "Minzer, Claudio Javier"]
[Black "Winants, Luc"]
[Result "1/2-1/2"]
[ECO "B31"]
[WhiteElo "2432"]
[BlackElo "2562"]
[PlyCount "109"]
[EventDate "2016.??.??"]
[EventCountry "ESP"]
[TimeControl "5400+30"]
[WhiteClock "0:12:25"]
[BlackClock "0:10:52"]

1. Nf3 c5 2. e4 Nc6 3. Bb5 g6 4. O-O Bg7 5. Re1 Nf6 6. e5 Nd5 7. Nc3 Nc7 8. Bxc6 dxc6 9. Ne4 Ne6 10. d3 O-O 11. Be3 b6 12. Qd2 Re8 13.
h4 Nd4 14. Nxd4 cxd4 15. Bf4 Qd5 16. Ng3 c5 17. h5 Bb7 18. f3 Rac8 19. b3 Rc6 20. Re2 b5 21. Rae1 Re6 22. hxg6 hxg6 23. Nh1 Rc8 24. Nf2 c4 25. Ng4 cxd3 26. cxd3 Rec6 27. Bh6 Bh8 28. Qf4 Qe6 29. Bg5 Rc2 30. Qxd4 Rxe2 31. Rxe2 a6 32. Kf2 Kf8 33. Qb4 Rc7 34. d4 Bg7 35. Qd2 Kg8 36. Qf4 Qf5 37. Qxf5 gxf5 38. Ne3 e6 39. g4 fxg4 40. Nxg4 Kh7 41. Kg3 Rc3 42. Be3 Kg6 43. Rh2 a5 44. Rh1 a4 45. Rc1 Rd3 46. bxa4 bxa4 47. Kf4 Ra3 48. Rg1 f5 49. exf6 Bxf6 50. Ne5+ Kh7 51. Rh1+ Kg7 52. Rg1+ Kh7 53. Rh1+ Kg7 54. Rg1+ Kf8 55. Bd2 {Kg7
} 1/2-1/2

[Event "V Open LLucmajor"]
[Site "LLucmajor"]
[Date "2016.05.14"]
[Round "7"]
[White "Paunovic, Dragan"]
[Black "Fedorchuk, Sergey A"]
[Result "1/2-1/2"]
[ECO "A04"]
[WhiteElo "2439"]
[BlackElo "2626"]
[PlyCount "102"]
[EventDate "2016.??.??"]
[EventCountry "ESP"]
[TimeControl "5400+30"]
[WhiteClock "0:03:10"]
[BlackClock "0:02:02"]

1. Nf3 e6 2. c4 b6 3. g3 Bb7 4. Bg2 f5 5. O-O Nf6 6. d4 Be7 7. b3 O-O 8. Bb2 Qe8 9. Nc3 Ne4 10. d5 Bf6 11. Nd4 Na6 12. Nxe4 fxe4 13. Bxe4 exd5 14. Bxd5+ Bxd5 15. cxd5 Qe4 16. e3 Qxd5 17. Qe2 Nc5 18. Rad1 Qf7 19. Ba3 d6 20. Qc2 a5 21. Nb5 a4 22. b4 Ne6 23. f4 Qe8 24. Qc4 Kh8 25. e4 Rf7 26. Rf2 Re7 27. Bb2 Bxb2 28.
Rxb2 Rd8 29. Rbd2 h6 30. Nc3 a3 31. h4 Nf8 32. e5 Rc8 33. Nd5 Rd7 34. Qe4 dxe5 35. fxe5 Qg6 36. Qxg6 Nxg6 37. e6 Rd6 38. Nf4 Rxd2 39. Rxd2 Kh7 40. h5 Nxf4 41. gxf4 Rf8 42. Rd4 c5 43. bxc5 bxc5 44. Ra4 Rc8 45. Rxa3 c4 46. Rc3 g5 47. fxg5 hxg5 48. Kf2 Kh6 49. e7 Re8 50. Rxc4 Rxe7 51. a4 Ra7 1/2-1/2

[Event "V Open LLucmajor"]
[Site "LLucmajor"]
[Date "2016.05.14"]
[Round "7"]
[White "Stremavicius, Titas"]
[Black "Movsziszian, Karen"]
[Result "1/2-1/2"]
[ECO "A41"]
[WhiteElo "2443"]
[BlackElo "2468"]
[PlyCount "55"]
[EventDate "2016.??.??"]
[EventCountry "ESP"]
[TimeControl "5400+30"]
[WhiteClock "0:38:02"]
[BlackClock "0:29:24"]

1. d4 d6 2. c4 Nd7 3. Nc3 e5 4. e4 Ngf6 5. Nf3 g6 6. Be2 Bg7 7. Be3 O-O 8. d5 Ng4 9. Bg5 f6 10. Bh4 Nh6 11. Nd2 a5 12. a3 g5 13. Bg3 f5 14. exf5 Nxf5 15.
Nde4 h6 16. O-O Nf6 17. c5 Nd4 18. Nxf6+ Qxf6 19. cxd6 Nxe2+ 20. Qxe2 cxd6 21. Rac1 Bf5 22. Nb5 Qg6 23. Rc3 Rf7 24. h4 gxh4 25. Bxh4 Bg4 26. Qc2 Bf5 27. Qe2 Bg4 28. Qc2
1/2-1/2

[Event "V Open LLucmajor"]
[Site "LLucmajor"]
[Date "2016.05.13"]
[Round "6"]
[White "Abergel, Thal"]
[Black "Kohlweyer, Bernd"]
[Result "1/2-1/2"]
[ECO "B10"]
[WhiteElo "2450"]
[BlackElo "2373"]
[PlyCount "73"]
[EventDate "2016.??.??"]
[EventCountry "ESP"]
[TimeControl "5400+30"]
[WhiteClock "0:12:48"]
[BlackClock "0:14:34"]

1. e4 c6 2. Ne2 d5 3. e5 d4 4. b4 Nd7 5. f4 Nb6 6. Bb2 Bg4 7. h3 Bxe2 8. Bxe2 e6 9. O-O Bxb4 10. Bd3 Ne7 11. Qf3 Na4 12. Ba3 Qb6 13. Kh2 Qc5 14. Bxb4 Qxb4 15. c3 Qb2 16. cxd4 Qxd4 17. Nc3 O-O-O 18. Bc2 Nxc3 19. dxc3 Qc5 20. Rad1 g6 21. Be4 h5 22. Rd4 Rxd4 23. cxd4 Qxd4 24. Rd1 Qc5 25. Qb3 Nd5 26. Rb1 Nb6 27. Bxg6 Qe7 28. Be4 h4 29. Qe3 Kb8 30. a4 Nd5 31. Bxd5 exd5 32. Qd4 Re8 33. Re1 Qd7 34. Rf1 Qe7 35. Re1 Qd7 36. Rf1 Qe7 37. Re1 1/2-1/2

[Event "V Open LLucmajor"]
[Site "LLucmajor"]
[Date "2016.05.13"]
[Round "6"]
[White "Lacrosse, Marc"]
[Black "Kolotilina, Liudmila"]
[Result "1-0"]
[ECO "D31"]
[WhiteElo "2253"]
[BlackElo "2136"]
[PlyCount "63"]
[EventDate "2016.??.??"]
[EventCountry "ESP"]
[TimeControl "5400+30"]

1. d4 d5 2. c4 e6 3. Nc3 c6 4. e4 dxe4 5. Nxe4 Bb4+ 6. Nc3 Nf6 7. Nf3 c5 8. Be3
Nc6 9. a3 cxd4 10. Nxd4 Bxc3+ 11. bxc3 O-O 12. Be2 Bd7 13. O-O e5 14. Nb5 Qe7
15. Nc7 Rad8 16. Nd5 Qd6 17. Bg5 Bf5 18. Bxf6 gxf6 19. Qb3 Kh8 20. Rfd1 b6 21.
Qa4 Rc8 22. Ne3 Qe6 23. c5 Rg8 24. Bc4 Qe7 25. Nxf5 Qxc5 26. Nd6 Nd4 27. cxd4
Qxd6 28. dxe5 Qxe5 29. Bxf7 Rg7 30. Re1 b5 31. Rxe5 bxa4 32. Re8+ 1-0

[Event "V Open LLucmajor"]
[Site "LLucmajor"]
[Date "2016.05.13"]
[Round "6"]
[White "Ochsner, Bjorn Moller"]
[Black "Edouard, Romain"]
[Result "0-1"]
[ECO "D37"]
[WhiteElo "2397"]
[BlackElo "2641"]
[PlyCount "116"]
[EventDate "2016.??.??"]
[EventCountry "ESP"]
[TimeControl "5400+30"]
[WhiteClock "0:00:54"]
[BlackClock "0:01:55"]

1. Nf3 d5 2. d4 Nf6 3. c4 e6 4. Nc3 dxc4 5. e3 a6 6. a4 b6 7. Bxc4 Bb7 8. O-O Bb4 9. Qb3 Qe7 10. Bd2 O-O 11. Ne4 Bxd2 12. Nexd2 Nc6 13. a5 b5 14. Be2 e5 15. dxe5 Nxe5 16. Nxe5 Qxe5 17. Bf3 Bxf3 18. Nxf3 Qe7 19. Rfd1 c5 20. Qd3 Rfd8 21. Qf5 Rd6 22. Rac1 Rad8 23. Rxd6 Qxd6 24. h3 c4 25. Nd4 g6 26. Qf3 Nd5 27. Rd1 Nb4 28. Qb7 Qf6 29. Rd2 Nd3 30. b3 Nc5 31. Qc7 Ne4 32. Re2 cxb3 33.
f3 Ng5 34. Nxb3 Rd1+ 35. Kh2 Ne6 36. Qc2 Rf1 37. Qe4 Qd8 38.
Rd2 Qc7+ 39. f4 Kg7 40. Rc2 Qd6 41. Rd2 Qc7 42. Rc2 Qd8 43.
Qe5+ Kh6 44. Nc5 Nxc5 45. Rxc5 f6 46. Qe6 Rd1 47. Rc6 Re1 48.
Qf7 Rxe3 49. Rc7 Qh8 50. g4 b4 51. Kg2 b3 52. Kf2 Rxh3 53. Rb7 b2 54. Kg2 Re3 55. Rxb2 Qc8 56. f5 Qc6+ 57. Kh2 Qd6+ 58. Kh1 Rh3+ 0-1